 Dungeon Crawl Stone Soup version 0.22.0-6-g71bd7aa (webtiles) character file.

101781 rgaf the Destroyer (level 16, -5/106 HPs)
             Began as a Gargoyle Earth Elementalist on Aug 14, 2018.
             Was the Champion of Zin.
             Killed from afar by a deep elf mage (25 damage)
             ... with a shard of ice
             ... on level 15 of the Dungeon on Aug 15, 2018.
             The game lasted 01:10:31 (43351 turns).

rgaf the Destroyer (Gargoyle Earth Elementalist)   Turns: 43351, Time: 01:10:31

Health: -5/106     AC: 25    Str: 20    XL:     16   Next: 31%
Magic:  17/31      EV: 14    Int: 21    God:    Zin [******]
Gold:   1218       SH:  3    Dex: 10    Spells: 22/37 levels left

rFire    + . .     SeeInvis +   a - +5 great sword (elec)
rCold    . . .     Gourm    .   (shield currently unavailable)
rNeg     + . .     Faith    .   L - +1 troll leather armour
rPois    ∞         Spirit   .   F - +2 helmet {SInv}
rElec    +         Reflect  +   C - +0 cloak
rCorr    .         Harm     .   T - +0 pair of gloves "Jez Xiar" {MR+ Str+6} (curse)
MR       ++...                  (no boots)
Stlth    ++........             Z - +3 amulet of reflection
HPRegen  0.67/turn              f - ring of protection from fire
MPRegen  0.22/turn              D - +3 ring of evasion

@: flying
A: big wings, negative energy resistance 1, electricity resistance, unbreathing,
petrification resistance, rot immunity, AC +12
a: Stop Flying, Recite, Vitalisation, Imprison, Sanctuary, Donate Gold, Renounce
Religion


You were on level 15 of the Dungeon.
You worshipped Zin.
Zin was exalted by your worship.
You were not hungry.

You visited 4 branches of the dungeon, and saw 24 of its levels.
You also visited: Labyrinth and Volcano.

You collected 2174 gold pieces.
You spent 768 gold pieces at shops.
You donated 188 gold pieces to Zin.

Inventory:

Hand Weapons
 a - a +5 great sword of electrocution (weapon)
 i - a +0 dagger
Missiles
 h - 36 tomahawks (quivered)
 N - 262 stones
 R - 5 throwing nets
Armour
 t - a +1 shield of protection
 y - the +2 robe of Neid {rElec rC- MR+++ SInv}
   (You bought it in a shop on level 4 of the Dungeon)

   It makes you vulnerable to cold.
   It insulates you from electricity.
   It affects your resistance to hostile enchantments.
   It lets you see invisible.
 C - a +0 cloak (worn)
 F - a +2 helmet of see invisible (worn)
 I - the cursed +0 robe "Maihal" {rPois rC++ Str+4 Int-5}
   (You found it on level 7 of the Dungeon)

   It affects your strength (+4).
   It affects your intelligence (-5).
   It greatly protects you from cold.
   It protects you from poison.
   It has a curse placed upon it.
 J - a +0 robe of magic resistance
 L - a +1 troll leather armour (worn)
 T - the cursed +0 pair of gloves "Jez Xiar" (worn) {MR+ Str+6}
   (You bought it in a shop on level 4 of the Dungeon)

   It affects your strength (+6).
   It affects your resistance to hostile enchantments.
   It has a curse placed upon it.
Magical Staves
 b - an uncursed staff of conjuration
Jewellery
 d - an uncursed amulet of magic regeneration {unknown}
 f - a ring of protection from fire (left hand)
 j - an uncursed ring of protection from fire
 B - an uncursed ring of ice
 D - a +3 ring of evasion (right hand)
 U - a +1 ring of slaying
 Z - a +3 amulet of reflection (around neck)
Wands
 n - a wand of scattershot (1)
 p - a wand of paralysis (48)
 G - a wand of digging (8)
 O - a wand of enslavement (30)
 P - a wand of acid (1)
 V - a wand of flame (29)
 X - a wand of iceblast (41)
Scrolls
 c - a scroll of identify
 k - 3 scrolls of blinking
 l - 6 scrolls of remove curse
 o - 6 scrolls of amnesia
 r - 7 scrolls of teleportation
 v - 2 scrolls of holy word
 w - a scroll of immolation {unknown}
 K - 2 scrolls of enchant armour
 Q - 2 scrolls of enchant weapon
 S - a scroll of fear
 Y - a scroll of brand weapon
Potions
 g - a potion of degeneration
 m - 4 potions of heal wounds
 q - 2 potions of haste
 s - 14 potions of curing
 u - 3 potions of lignification
 x - 4 potions of brilliance
 z - 3 potions of berserk rage
 A - 6 potions of mutation
 E - a potion of might
 H - 7 potions of agility
 M - a potion of ambrosia {unknown}
 W - 3 potions of resistance
Comestibles
 e - 23 rations


   Skills:
 * Level 14.0 Fighting
 + Level 10.3 Armour
 - Level 1.5 Dodging
 - Level 2.1 Stealth
 * Level 11.4 Spellcasting
 - Level 14.8 Conjurations
   Level 0.7 Transmutations
 - Level 12.7 Earth Magic
 + Level 12.3 Invocations


You had 22 spell levels left.
You knew the following spells:

 Your Spells              Type           Power        Failure   Level  Hunger
a - Sandblast             Erth           ######       1%          1    None
b - Stone Arrow           Conj/Erth      ######       1%          3    None
c - Lee's Rapid Deconstr  Erth           ######....   1%          5    ####...
d - Iron Shot             Conj/Erth      ######....   3%          6    ######.

Your spell library contained the following spells:

 Spells                   Type           Power        Failure   Level  Hunger
 Magic Dart               Conj           ####         0%          1    None
 Apportation              Tloc           ##....       6%          1    None
 Conjure Flame            Conj/Fire      #####...     1%          3    None
 Lightning Bolt           Conj/Air       #####.....   9%          5    ####...
 Bolt of Magma            Conj/Fire/Erth ######....   4%          5    ####...
 Slow                     Hex            ##......     10%         2    None
 Confuse                  Hex            ##......     19%         3    None
 Invisibility             Hex            ##......     100%        6    ######.
 Throw Frost              Conj/Ice       #####.       1%          2    None
 Freezing Cloud           Conj/Ice/Air   ####......   77%         6    ######.
 Mephitic Cloud           Conj/Pois/Air  ####....     2%          3    None
 Venom Bolt               Conj/Pois      #####.....   9%          5    ####...
 Summon Small Mammal      Summ           ##..         6%          1    None
 Blink                    Tloc           N/A          10%         2    None
 Animate Skeleton         Necr           N/A          6%          1    None
 Freeze                   Ice            ##..         6%          1    None
 Summon Ice Beast         Ice/Summ       ##......     52%         4    #......
 Ozocubu's Armour         Chrm/Ice       ##......     19%         3    None
 Call Imp                 Summ           ##......     10%         2    None
 Tukima's Dance           Hex            ##......     19%         3    None
 Shock                    Conj/Air       ####         1%          1    None
 Swiftness                Chrm/Air       ##......     10%         2    None
 Deflect Missiles         Chrm/Air       ##........   100%        6    ######.
 Throw Icicle             Conj/Ice       #####...     3%          4    #......
 Airstrike                Air            ##........   52%         4    #......
 Confusing Touch          Hex            ##....       6%          1    None
 Passwall                 Tmut/Erth      #####...     1%          2    None
 Ensorcelled Hibernation  Hex/Ice        ##....       10%         2    None
 Metabolic Englaciation   Hex/Ice        ##........   86%         5    ####...
 Summon Butterflies       Summ           ##......     6%          1    None
 Silence                  Hex/Air        ##........   86%         5    ####...
 Corona                   Hex            ##.....      6%          1    None
 Alistair's Intoxication  Tmut/Pois      ##......     83%         5    ####...
 Conjure Ball Lightning   Conj/Air       #####.....   41%         6    ######.
 Petrify                  Tmut/Erth      #####...     3%          4    #......
 Orb of Destruction       Conj           ######....   12%         7    #######
 Tornado                  Air            ##........   100%        9    #######
 Iskenderun's Battlesphe  Conj/Chrm      #####...     9%          5    ####...
 Dazzling Spray           Conj/Hex       #####.       1%          3    None
 Summon Lightning Spire   Summ/Air       ##......     52%         4    #......
 Spellforged Servitor     Conj/Summ      #####.....   94%         7    #######
 Gell's Gravitas          Tloc           ##........   19%         3    None
 Yara's Violent Unravell  Hex/Tmut       ##........   83%         5    ####...
 Lesser Beckoning         Tloc           ##........   19%         3    None


Dungeon Overview and Level Annotations

Branches:
Dungeon (15/15) Temple (1/1) D:7 Lair (6/6) D:11 Swamp (0/4) Lair:4 Spider (0/4) Lair:3 Slime (0/5) Lair:6 Orc (2/2) D:10 Elf (0/3) Orc:2 Vaults (0/5) D:12 D:13 Depths: D:15

Altars:
Ashenzari
Cheibriados
Dithmenos
Elyvilon
Fedhas
Gozag
Hepliaklqana
Kikubaaqudgha
Makhleb
Nemelex Xobeh
Okawaru
Qazlal
Ru
Sif Muna
Trog
Vehumet
Wu Jian
Xom
Yredelemnul
Zin
The Shining One
Beogh
Jiyva

Shops:
D:4 [   D:9 (   D:12 !   D:13 *   Orc:2 [*[*

Annotations:
D:10 2 transporters, rjrrt's ghost, journeyman MiGl
Lair:3 3 runed doors, grisamentum's ghost, journeyman MiFi
Orc:2 exclusion: upstairs


Innate Abilities, Weirdness & Mutations

You are resistant to torment.
Your stone body is resilient. (AC +12)
You are immune to poison.
Your large and strong wings let you fly indefinitely.
You resist negative energy. (rN+)
You are resistant to electric shocks. (rElec)
You can survive without breathing.
You are immune to petrification.
You are immune to rotting.


Message History

Confirm with . or Enter, or press ? or * to list all spells.
Aiming: Sandblast (safe; 1% risk of failure)
Press: ? - help, Shift-Dir - straight line, f - deep elf mage
Aim: a deep elf mage, wielding a short sword (lightly wounded)
The blast of sand hits the deep elf mage.
The deep elf mage is moderately wounded.
N - 263 stones The orc sorcerer casts a spell.
The deep elf mage casts a spell at you. The bolt of cold hits you!
Casting: Sandblast (safe; 1% risk of failure)
Confirm with . or Enter, or press ? or * to list all spells.
Aiming: Sandblast (safe; 1% risk of failure)
Press: ? - help, Shift-Dir - straight line, f/p - deep elf mage
Aim: a deep elf mage, wielding a short sword (moderately wounded)
The blast of sand hits the deep elf mage.
The deep elf mage is heavily wounded.
N - 262 stones The deep elf mage points at you and mumbles some strange words.
The shard of ice hits you!
You die...

#####......####.
.#.##
######...##..
..#.#
###.##YY#####..#.#
#..##.e.....####
##..##..3..#
##..###o# #.#.#Y.#
###.()eY##
#....@###
#.#.....#
#.#.###...# # #.#
.#..# .# #. . ..#
#. .. .# ### .. #
#.. ... #.. #..


You could see a sun demon, a deep elf mage, an orc sorcerer and 2 ice beasts.

Vanquished Creatures
  Saint Roka (Orc:1)
  Rupert (D:13)
  Gastronok (D:12)
  Nessos (Orc:2)
  A minotaur (Lab)
  Josephine (Lair:6)
  8 hydras
  Erolcha (Orc:2)
  2 centaur warriors
  3 catoblepae
  2 tengu warriors (D:12)
  A two-headed ogre (D:15)
  An orc high priest (Orc:2)
  12 death yaks
  A queen ant (Lair:2)
  Sonja (D:12)
  A hell knight (Volcano)
  2 unseen horrors
  5 skeletal warriors (D:15)
  2 wizards
  A lindwurm (Lair:6)
  3 orc knights
  Pikel (D:5)
  6 orc sorcerers
  2 ugly things (D:12)
  4 deep elf magi
  A wolf spider (Lair:3)
  A cyclops (D:14)
  5 manticores
  5 elephants (Lair:6)
  7 slime creatures (D:14)
  3 torpor snails (Lair:6)
  3 black mambas (Lair:6)
  13 spiny frogs
  A gargoyle (D:11)
  2 efreet (D:15)
  7 komodo dragons
  3 yaktaurs (Volcano)
  2 rime drakes (Lair:6)
  A freezing wraith (D:15)
  9 trolls
  A jumping spider (Lair:3)
  9 polar bears
  A tyrant leech (Lair:4)
  2 hornets
  9 blink frogs (Lair:5)
  9 dream sheep (Lair:6)
  9 hippogriffs
  Sigmund (D:4)
  2 raiju (Lair:6)
  3 redbacks (Lair:3)
  5 wraiths
  A spriggan (D:7)
  2 shadows
  16 humans
  A vampire (D:15)
  2 wyverns
  A steam dragon (D:8)
  3 basilisks
  35 yaks
  8 hungry ghosts
  8 vampire mosquitoes
  10 wargs
  12 water moccasins
  12 soldier ants (Lair:2)
  8 porcupines
  15 hell hounds
  29 orc warriors
  An ice beast (D:11)
  13 black bears
  A necrophage (D:11)
  2 sky beasts
  2 hornet zombies
  12 ogres
  3 phantoms
  2 eyes of draining (D:14)
  20 wolves
  4 centaurs
  18 crocodiles
  A big kobold (D:8)
  18 bullfrogs
  4 gnoll sergeants
  5 scorpions
  10 killer bees
  4 wights
  6 howler monkeys
  2 spriggan skeletons (D:9)
  A troll skeleton (D:9)
  5 jellies
  12 crimson imps
  2 centaur zombies
  A quasit (D:12)
  Crazy Yiuf (D:5)
  11 hounds
  5 bullfrog zombies
  3 gnoll shamans
  18 orc priests
  31 orc wizards
  7 bullfrog skeletons
  3 centaur skeletons (D:9)
  Natasha (thrice) (D:2)
  6 iguanas
  33 worker ants
  A killer bee zombie (D:10)
  A hound zombie (D:6)
  A hound skeleton (D:10)
  A howler monkey zombie (D:5)
  2 worker ant zombies (D:5)
  A howler monkey skeleton (D:7)
  27 gnolls
  9 adders
  A river rat (D:11)
  2 shadow imps (D:14)
  3 oozes (Lair:6)
  An adder skeleton (D:6)
  3 worms (D:2)
  A worm (shapeshifter) (D:13)
  2 dart slugs
  4 leopard geckos
  62 orcs
  5 giant cockroaches
  6 goblins
  6 hobgoblins
  3 jackals
  3 quokkas
  2 ball pythons (D:3)
  A ball python zombie (D:5)
  4 bats
  3 frilled lizards
  A giant cockroach zombie (D:5)
  11 kobolds
  A leopard gecko zombie (D:2)
  A quokka zombie (D:5)
  7 rats
  A fungus (D:11)
  A plant (D:11)
790 creatures vanquished.

Vanquished Creatures (collateral kills)
  A jelly (D:11)
  2 fungi (D:11)
3 creatures vanquished.

Vanquished Creatures (others)
  3 yaks (Lair:6)
  A water moccasin (Lair:6)
  3 slaves (D:6)
  A killer bee (D:6)
  A wight (D:13)
  16 fungi
  17 plants
42 creatures vanquished.

Grand Total: 835 creatures vanquished

Notes
Turn   | Place    | Note
-------+----------+-------------------------------------------
     0 | D:1      | rgaf the Gargoyle Earth Elementalist began the quest for the Orb.
     0 | D:1      | Reached XP level 1. HP: 10/10 MP: 3/3
   463 | D:1      | Reached XP level 2. HP: 15/15 MP: 3/5
   771 | D:2      | Reached XP level 3. HP: 8/19 MP: 0/6
   950 | D:2      | Learned a level 3 spell: Stone Arrow
  1004 | D:2      | Found a shadowy altar of Dithmenos.
  1087 | D:2      | Reached skill level 5 in Earth Magic
  1142 | D:2      | Reached XP level 4. HP: 24/24 MP: 4/8
  1195 | D:2      | Reached skill level 1 in Conjurations
  1717 | D:2      | Noticed Natasha
  1722 | D:2      | Killed Natasha
  1740 | D:2      | Noticed Natasha
  1742 | D:2      | Killed Natasha
  1742 | D:2      | Reached XP level 5. HP: 26/28 MP: 1/9
  1749 | D:2      | Noticed Natasha
  1939 | D:2      | Killed Natasha
  3206 | D:4      | Reached XP level 6. HP: 32/32 MP: 1/11
  3542 | D:4      | Found a radiant altar of Vehumet.
  3947 | D:4      | Noticed Sigmund
  3951 | D:4      | Killed Sigmund
  3951 | D:4      | Reached XP level 7. HP: 31/36 MP: 5/13
  4122 | D:4      | Reached skill level 5 in Conjurations
  4358 | D:4      | Found Wowuysh's Antique Armour Shop.
  4365 | D:4      | Bought a distressingly furry robe for 114 gold pieces
  4375 | D:4      | Identified the +2 robe of Neid {rElec rC- MR+++ SInv} (You bought it in a shop on level 4 of the Dungeon)
  4827 | D:5      | Entered Level 5 of the Dungeon
  4918 | D:5      | Reached XP level 8. HP: 40/41 MP: 3/14
  6104 | D:5      | Found a runed door.
  6226 | D:5      | Noticed Crazy Yiuf
  6230 | D:5      | Killed Crazy Yiuf
  6399 | D:4      | Bought a shiny helmet for 150 gold pieces
  6632 | D:6      | Noticed Pikel
  6690 | D:5      | Killed Pikel
  6690 | D:5      | Reached skill level 5 in Spellcasting
  6968 | D:6      | Reached XP level 9. HP: 42/45 MP: 13/17
  7383 | D:6      | Found an opulent altar of Gozag.
  8482 | D:7      | Found a staircase to the Ecumenical Temple.
  8487 | Temple   | Entered the Ecumenical Temple
  8651 | Temple   | Became a worshipper of Zin the Law-Giver
  9327 | D:7      | Reached skill level 10 in Conjurations
  9422 | D:7      | Reached * piety under Zin
  9440 | D:7      | Got an ominously black robe
  9441 | D:7      | Identified the cursed +0 robe "Maihal" {rPois rC++ Str+4 Int-5} (You found it on level 7 of the Dungeon)
  9454 | D:7      | Learned a level 5 spell: Lee's Rapid Deconstruction
  9600 | D:8      | Reached XP level 10. HP: 50/50 MP: 6/20
 10116 | D:8      | Found a sacrificial altar of Ru.
 11045 | D:9      | Reached skill level 10 in Earth Magic
 11057 | D:9      | Noticed an unseen horror
 11446 | D:9      | Found an ancient bone altar of Kikubaaqudgha.
 11471 | D:9      | Found a basalt altar of Yredelemnul.
 11637 | D:9      | Reached ** piety under Zin
 12427 | D:9      | Killed an unseen horror
 12702 | D:9      | Found Momoud's Antique Weapon Shoppe.
 12891 | D:4      | Bought a pair of transparent gloves for 190 gold pieces
 12891 | D:4      | Identified the cursed +0 pair of gloves "Jez Xiar" {MR+ Str+6} (You bought it in a shop on level 4 of the Dungeon)
 13068 | D:10     | Entered Level 10 of the Dungeon
 13290 | D:10     | Found a transporter.
 13292 | D:10     | Noticed rjrrt's ghost (journeyman MiGl)
 13621 | D:10     | Found a staircase to the Orcish Mines.
 13707 | D:10     | Reached XP level 11. HP: 41/54 MP: 8/22
 13883 | D:10     | Found a transporter.
 14289 | D:10     | Reached *** piety under Zin
 14723 | D:11     | Found a staircase to the Lair.
 15332 | D:11     | Noticed a manticore
 15335 | D:11     | Killed a manticore
 15418 | D:11     | Found a basalt altar of Yredelemnul.
 16131 | D:12     | Noticed an unseen horror
 16136 | D:12     | Killed an unseen horror
 16258 | Lair:1   | Entered Level 1 of the Lair of Beasts
 16587 | Lair:1   | Reached **** piety under Zin
 17060 | Lair:2   | Noticed an eight-headed hydra
 17064 | Lair:2   | Killed an eight-headed hydra
 17275 | Lair:2   | Reached XP level 12. HP: 59/59 MP: 6/25
 18016 | Lair:2   | Noticed a queen ant
 18028 | Lair:2   | Killed a queen ant
 18413 | Lair:2   | Identified 3 scrolls of acquirement
 18420 | Lair:2   | Identified the +0 helmet "Iqoacs" {+Blink Dex+2 Stlth-} (You acquired it on level 2 of the Lair of Beasts)
 18748 | Lair:2   | Noticed a catoblepas
 18764 | Lair:2   | Killed a catoblepas
 19699 | Lair:3   | Found a runed gate.
 19715 | Lair:3   | Found a runed gate.
 19715 | Lair:3   | Found a runed gate.
 19716 | Lair:3   | Noticed grisamentum's ghost (journeyman MiFi)
 19721 | Lair:3   | Reached skill level 1 in Fighting
 19738 | Lair:3   | Noticed an eight-headed hydra
 19743 | Lair:3   | Killed an eight-headed hydra
 19743 | Lair:3   | Reached skill level 1 in Armour
 20094 | Lair:3   | Found a labyrinth entrance.
 20105 | Lab      | Entered a labyrinth
 20222 | Lab      | Reached skill level 5 in Fighting
 20496 | Lab      | Learned a level 6 spell: Iron Shot
 20560 | Lab      | Noticed a minotaur
 20565 | Lab      | HP: 1/68 [minotaur (16)]
 20569 | Lab      | Killed a minotaur
 20569 | Lab      | Reached skill level 1 in Invocations
 20569 | Lab      | Reached XP level 13. HP: 35/73 MP: 0/26
 20996 | Lair:3   | Found a hole to the Spider Nest.
 21306 | Lair:3   | Found a viscous altar of Jiyva.
 21425 | Lair:4   | Found a staircase to the Swamp.
 22266 | Lair:5   | Reached ***** piety under Zin
 22321 | Lair:5   | Found a dark tunnel.
 22340 | Volcano  | Entered a volcano
 23363 | Lair:5   | Reached skill level 5 in Armour
 23368 | Lair:5   | Reached skill level 5 in Invocations
 24812 | Lair:6   | Entered Level 6 of the Lair of Beasts
 25415 | Lair:6   | Noticed Josephine
 25418 | Lair:6   | Killed Josephine
 26148 | Lair:6   | Found a staircase to the Slime Pits.
 26279 | Lair:6   | Gained mutation: Your large and strong wings let you fly indefinitely. [Gargoyle growth]
 26279 | Lair:6   | Reached XP level 14. HP: 67/86 MP: 17/27
 26983 | Lair:6   | Reached skill level 10 in Fighting
 30829 | Lair:6   | Reached ****** piety under Zin
 31343 | Lair:6   | Reached skill level 10 in Invocations
 32215 | Lair:6   | Found the +7 Spriggan's Knife {MR+ EV+4 Dex+4 Stlth+}
 32919 | Lair:1   | Reached XP level 15. HP: 86/96 MP: 23/28
 33014 | Orc:1    | Entered Level 1 of the Orcish Mines
 33318 | Orc:1    | Found a roughly hewn altar of Beogh.
 33642 | Orc:2    | Entered Level 2 of the Orcish Mines
 33642 | Orc:2    | Noticed Saint Roka
 34049 | Orc:1    | Found a bloodstained altar of Trog.
 35591 | Orc:2    | Noticed Erolcha
 35602 | Orc:2    | Killed Erolcha
 35854 | Orc:2    | Found Pacuv's Antique Armour Shop.
 35854 | Orc:2    | Found Ynilem Uboe's Antique Armour Boutique.
 35857 | Orc:2    | Found Rageumoq's General Store.
 35860 | Orc:2    | Found Keogiqud's General Store.
 36442 | Orc:2    | Noticed Nessos
 36450 | Orc:2    | Killed Nessos
 36639 | Orc:2    | Found a staircase to the Elven Halls.
 36863 | Orc:1    | Reached skill level 10 in Spellcasting
 37145 | Orc:1    | Killed Saint Roka
 37352 | D:12     | Found Uschao's Distillery.
 37358 | D:12     | Bought 2 potions of heal wounds for 150 gold pieces
 37358 | D:12     | Bought a potion of curing for 45 gold pieces
 37358 | D:12     | Bought 2 potions of curing for 90 gold pieces
 37644 | D:12     | Noticed Gastronok
 37672 | D:12     | Killed Gastronok
 37999 | D:12     | Noticed Sonja
 38011 | D:12     | Killed Sonja
 38634 | D:13     | Found Tolats's Assorted Antiques.
 38669 | D:13     | Bought a scroll labeled JOHUOTHRAMI for 29 gold pieces
 38675 | D:13     | Identified the Guide on Air (You acquired it on level 13 of the Dungeon)
 38876 | D:13     | Found a gate to the Vaults.
 38876 | D:13     | Noticed Rupert
 40293 | D:13     | Killed Rupert
 41023 | D:14     | Reached XP level 16. HP: 104/104 MP: 15/30
 41239 | D:14     | Reached skill level 10 in Armour
 42102 | D:15     | Entered Level 15 of the Dungeon
 42912 | D:15     | Found a glowing golden altar of the Shining One.
 43351 | D:15     | Killed from afar by a deep elf mage

Skill      XL: |  1  2  3  4  5  6  7  8  9 10 11 12 13 14 15 16 |
---------------+-------------------------------------------------+-----
Earth Magic    | 4 5 6 8 9 10 12 | 12.7
Conjurations   | 2 3 4 6 8 10 12 13 14 | 14.8
Spellcasting   | 3 4 5 6 7 9 10 11 | 11.4
Fighting       | 5 9 11 13 14 | 14.0
Armour         | 3 6 8 9 10 | 10.3
Invocations    | 1 7 10 12 | 12.3
Dodging        | |  1.5
Stealth        | |  2.1
Transmutations | |  0.7

Action                   |  1- 3 |  4- 6 |  7- 9 | 10-12 | 13-15 | 16-18 || total
-------------------------+-------+-------+-------+-------+-------+-------++-------
Melee: Unarmed           |    16 |       |       |       |       |       ||    16
       Dagger            |       |    62 |    61 |       |       |       ||   123
       War axe           |       |       |    31 |    47 |       |       ||    78
       Staff             |       |       |       |    63 |   136 |       ||   199
       Great sword       |       |       |       |       |    25 |    99 ||   124
Throw: Stone             |     5 |       |       |       |       |       ||     5
 Cast: Sandblast         |    20 |    60 |    96 |   124 |   227 |    23 ||   550
       Stone Arrow       |     1 |    26 |    68 |   331 |   701 |    73 ||  1200
       Lee's Rapid Decon |       |       |       |     9 |    10 |     7 ||    26
       Iron Shot         |       |       |       |     4 |    79 |     1 ||    84
Invok: Recite            |       |       |       |       |     1 |       ||     1
 Abil: Fly               |       |       |       |       |       |     1 ||     1
Evoke: Wand              |       |       |       |     1 |    17 |       ||    18
  Use: Scroll            |       |       |    14 |    18 |    11 |       ||    43
       Potion            |       |       |     2 |     2 |     5 |       ||     9
 Stab: Sleeping          |     1 |     2 |       |       |       |     1 ||     4
  Eat: Chunk             |     1 |    12 |     8 |    34 |    37 |     4 ||    96
       Ration            |       |       |     4 |     2 |    17 |     2 ||    25
Armor: Robe              |    13 |    31 |    97 |    88 |       |       ||   229
       Troll leather arm |       |       |       |   123 |   513 |    70 ||   706
Dodge: Dodged            |    23 |    69 |   156 |   212 |   455 |   109 ||  1024
Block: Other             |       |       |       |    20 |   108 |    22 ||   150
       Reflection        |       |       |       |       |     3 |       ||     3
       Rpst.: Great sword |       |       |       |       |     9 |    30 ||    39
